Map: Winter's Gate LE

Players

Kelazhur

  • Race: Terran Terran
  • Spawn Location: 5:00

Denver - Winner!

  • Race: Zerg Zerg
  • Spawn Location: 11:00

VOD

Have the link to the VOD?

Description

Time

  • Played on: Sept. 7, 2019, 10:44 a.m.
  • Length: 17:17
Show
View Real Time Build Order
Export as new Build Order

Kelazhur Terran 

Build Orders: Reaper Expand 

Get SALT Encoding   

  12  0:00  SCV  
  13  0:12  SCV  
  14  0:16  Supply Depot  
  14  0:24  SCV  
  15  0:38  SCV  
  15  0:40  Barracks  
  16  0:43  Refinery  
  16  0:50  SCV  
  17  1:02  SCV  
  18  1:14  SCV  
  19  1:27  Orbital Command, Reaper  
  20  1:38  Command Center  
  20  1:44  Refinery  
  20  1:51  Supply Depot  
  20  1:53  SCV  
  21  1:59  Reaper  
  22  2:05  SCV  
  23  2:15  Factory  
  23  2:18  SCV  
  24  2:30  SCV  
  24  2:34  Barracks Reactor  
  25  2:42  SCV  
  26  2:54  SCV  
  26  2:56  Orbital Command  
  27  3:03  Starport  
  27  3:06  SCV  
  28  3:15  Hellion x2  
  28  3:18  SCV  
  33  3:23  SCV, Barracks Tech Lab  
  34  3:30  SCV  
  33  3:35  SCV, Supply Depot  
  33  3:36  Hellion  
  33  3:37  Hellion  
  38  3:42  SCV, Fusion Core, Viking  
  38  3:47  SCV  
  42  3:54  SCV  
  43  3:57  Supply Depot  
  43  4:00  SCV, Hellion x2  
  48  4:06  SCV  
  48  4:09  Supply Depot  
  49  4:12  SCV  
  50  4:19  SCV  
  50  4:21  Hellion  
  50  4:22  Hellion  
  55  4:29  Battlecruiser  
  61  4:32  SCV x2  
  63  4:41  Command Center  
  63  4:44  SCV  
  64  4:51  SCV  
  65  4:55  Barracks Tech Lab  
  65  5:00  SCV  
  65  5:02  Barracks  
  65  5:03  Barracks  
  65  5:04  SCV, Factory Reactor  
  67  5:07  Refinery  
  67  5:08  Refinery  
  67  5:13  Marine, SCV, Stimpack  
  67  5:14  Supply Depot x2  
  69  5:18  SCV  
  70  5:24  Engineering Bay  
  70  5:25  Engineering Bay  
  72  5:35  SCV x2  
  72  5:40  Marine  
  73  5:47  SCV  
  73  5:49  SCV  
  75  5:51  Marine x2  
  75  5:54  Bunker  
  75  5:56  Orbital Command  
  77  5:59  Marine x2, SCV  
  77  6:01  Marauder  
  77  6:02  Starport Reactor  
  77  6:03  Terran Infantry Armor Level 1, Terran Infantry Weapons Level 1  
  77  6:04  SCV  
  82  6:09  Siege Tank  
  85  6:12  SCV  
  85  6:16  Marine x2, SCV  
  89  6:19  Supply Depot  
  89  6:22  Marine x2  
  89  6:23  Marauder  
  89  6:24  SCV  
  94  6:28  Barracks  
  94  6:30  SCV  
  96  6:33  Barracks  
  96  6:35  Marine  
  96  6:36  Marine, Orbital Command  
  98  6:40  Armory  
  98  6:41  SCV  
  98  6:42  SCV  
  98  6:43  Supply Depot  
  98  6:44  Siege Tank  
  102  6:51  Marine x2  
  102  6:53  SCV  
  105  6:56  Medivac x2  
  105  6:57  Combat Shield  
  109  7:05  SCV x2  
  109  7:07  Supply Depot  
  109  7:08  Supply Depot  
  111  7:10  Marine x3  
  111  7:11  Marine  
  111  7:13  SCV  
  116  7:17  SCV  
  117  7:27  Barracks Reactor x2  
  117  7:29  Marauder, SCV x2, Medivac x2  
  125  7:32  SCV  
  125  7:35  Refinery  
  125  7:36  Marine x3  
  129  7:37  Supply Depot x2  
  129  7:41  Siege Tank  
  129  7:43  Marine  
  133  7:58  Marine x2, SCV x3  
  133  7:59  Marauder  
  133  8:01  Supply Depot, Terran Infantry Weapons Level 2  
  133  8:03  Supply Depot  
  140  8:06  Marine x3  
  136  8:20  Marauder  
  136  8:24  Supply Depot  
  136  8:25  Marine  
  135  8:29  Marine x7  
  135  8:30  Medivac x2  
  147  8:34  Siege Tank  
  147  8:36  Terran Infantry Armor Level 2  
  147  8:41  Marauder  
  147  8:42  Marine  
  145  8:52  Marine  
  132  8:58  Marine x6  
  132  9:00  Marine  
  137  9:03  Marauder  
  137  9:05  Barracks x2  
  137  9:06  Siege Tank, Barracks  
  137  9:09  Command Center  
  142  9:18  Marine  
  142  9:19  Marine x3  
  137  9:24  Marauder  
  139  9:32  Marine  
  139  9:34  Marine x3  
  139  9:36  Marine x2  
  145  9:39  Marine, Siege Tank  
  145  9:40  Drilling Claws  
  145  9:43  Supply Depot, Terran Vehicle Weapons Level 1  
  145  9:45  Marine, Supply Depot  
  152  9:46  Marauder  
  152  9:50  Medivac x2  
  156  9:58  Barracks Tech Lab x3  
  156  9:59  Marine x7  
  162  10:02  Marine  
  162  10:06  Concussive Shells  
  164  10:07  Marauder  
  164  10:09  Supply Depot  
  160  10:18  Marine x7, Marauder x2  
  168  10:24  Siege Tank, Medivac x2  
  168  10:26  Marine  
  158  10:28  Marauder  
  158  10:34  Marauder  
  160  10:35  Marine  
  160  10:36  Marine x3  
  160  10:37  Marine  
  160  10:39  Marauder  
  167  10:44  Factory  
  167  10:50  Planetary Fortress  
  167  10:55  Sensor Tower  
  167  10:56  SCV x3  
  170  10:58  Marine  
  170  10:59  Marine x3, Marauder  
  176  11:07  Terran Infantry Weapons Level 3  
  176  11:09  Marine  
  176  11:10  Marauder  
  179  11:17  Marauder  
  181  11:21  Marine x4, Marauder  
  187  11:30  Marine  
  187  11:31  Marauder  
  187  11:32  Marauder  
  166  11:35  Marine  
  166  11:38  Marauder  
  160  11:43  Marauder  
  162  11:51  Marine  
  162  11:52  Marine x6, Marauder  
  162  11:53  Marine, Marauder  
  169  11:55  Siege Tank  
  169  11:59  Marine  
  173  12:04  Marauder  
  173  12:06  Factory Tech Lab, Command Center, Terran Vehicle Weapons Level 2  
  170  12:09  Marine  
  170  12:10  Marine  
  170  12:13  Marauder  
  170  12:14  Marine  
  170  12:15  Marauder  
  176  12:19  Marine, Marauder  
  176  12:21  Command Center  
  176  12:22  Supply Depot  
  179  12:26  Marine x5, Marauder  
  179  12:28  Marine  
  187  12:32  Marine  
  187  12:34  Liberator  
  187  12:35  Siege Tank x2, Marauder  
  196  12:41  Marauder  
  198  12:45  Marauder  
  195  12:56  Marauder  
  195  12:57  Marauder  
  191  13:00  Marine x4  
  191  13:01  Marine x4  
  191  13:02  Marauder  
  191  13:07  Siege Tank  
  191  13:12  Marauder  
  195  13:17  Marine  
  195  13:18  Marine x8  
  195  13:19  Marauder  
  197  13:21  Orbital Command  
  197  13:24  Marauder  
  178  13:34  Marauder  
  169  13:35  Marine  
  169  13:36  Marine x8  
  169  13:40  Marauder  
  172  13:45  Marine  
  169  13:53  Marine  
  169  13:54  Marine x3  
  169  13:55  Marauder  
  169  14:02  Marine  
  169  14:03  Marine x5, Marauder  
  165  14:11  Marine x2  
  165  14:12  Marine  
  165  14:14  Marine  
  165  14:16  SCV, Marauder  
  166  14:21  Marauder  
  166  14:22  Medivac x2  
  172  14:27  Siege Tank x2  
  176  14:40  Marine, Marauder  
  176  14:45  Marauder  
  181  14:52  Marauder  
  179  15:05  Marine, Marauder  
  179  15:06  Marine  
  180  15:08  Marine, Marauder  
  180  15:09  Marine  
  180  15:10  Marine  
  180  15:15  Marine x3  
  180  15:16  Marine x2  
  180  15:19  Medivac  
  187  15:24  Marine x2  
  187  15:26  Marine x2  
  187  15:31  Marine  
  185  15:43  Supply Depot  
  185  15:44  Planetary Fortress  
  184  15:53  Marauder  
  153  16:00  Marine  
  153  16:01  Marine x7, Marauder  
  153  16:02  Siege Tank  
  138  16:05  Medivac x2  
  138  16:10  Siege Tank  
  145  16:17  SCV x2  
  145  16:18  SCV  
  148  16:22  Marauder  
  150  16:28  Marine x5  
  150  16:29  Marine x2, SCV, Marauder  
  157  16:42  Marauder  
  157  16:46  Marauder  
  129  16:47  Marine  
  129  16:48  Marauder  
  129  16:50  Marine, Marauder  
  129  16:52  Marine  
Show
View Real Time Build Order
Export as new Build Order

Denver Zerg - Winner!

Build Orders: Hatch First 

Get SALT Encoding   

  12  0:01  Drone  
  13  0:12  Overlord  
  13  0:17  Drone  
  14  0:31  Drone x2  
  16  0:49  Hatchery  
  15  0:52  Drone  
  15  0:55  Drone  
  17  0:58  Drone  
  18  1:09  Extractor  
  17  1:14  Spawning Pool  
  17  1:16  Drone  
  17  1:20  Drone  
  18  1:29  Drone  
  19  1:40  Drone  
  20  1:49  Drone  
  21  2:01  Queen  
  21  2:02  Queen, Zergling x4  
  27  2:09  Metabolic Boost  
  27  2:12  Overlord  
  27  2:15  Drone  
  28  2:30  Hatchery  
  28  2:32  Drone  
  28  2:34  Drone  
  28  2:39  Spore Crawler  
  28  2:42  Drone  
  29  2:47  Pneumatized Carapace  
  29  2:48  Overlord  
  29  2:50  Drone  
  30  2:55  Drone x2  
  32  2:59  Drone  
  33  3:07  Zergling x4  
  33  3:09  Queen  
  33  3:12  Drone  
  38  3:14  Drone  
  38  3:20  Spore Crawler  
  38  3:23  Drone x2  
  38  3:25  Drone  
  38  3:30  Drone  
  38  3:31  Drone  
  40  3:35  Queen  
  43  3:41  Drone  
  43  3:42  Overlord  
  43  3:50  Drone x4  
  43  3:53  Drone  
  43  3:54  Drone  
  49  3:57  Overlord  
  49  4:04  Drone x2  
  49  4:05  Drone  
  52  4:14  Drone x5  
  52  4:16  Overlord  
  57  4:23  Queen  
  59  4:25  Roach Warren  
  59  4:31  Overlord  
  58  4:34  Queen  
  58  4:36  Drone x2  
  58  4:37  Spore Crawler  
  58  4:38  Drone  
  62  4:40  Overlord  
  62  4:47  Lair  
  62  4:48  Overlord  
  62  4:55  Drone x3  
  62  4:57  Drone, Extractor  
  62  4:58  Queen  
  67  5:05  Spore Crawler, Overlord  
  67  5:06  Evolution Chamber  
  65  5:07  Overlord  
  65  5:08  Spore Crawler  
  65  5:10  Drone x2  
  65  5:11  Drone  
  67  5:16  Roach x2  
  67  5:20  Roach x3  
  77  5:23  Overlord  
  77  5:28  Roach x2  
  81  5:30  Drone x3  
  81  5:33  Drone  
  83  5:44  Drone x3  
  83  5:45  Drone x3  
  87  5:51  Drone x5  
  87  5:53  Extractor  
  87  5:54  Extractor  
  89  6:01  Extractor  
  89  6:02  Infestation Pit, Extractor, Glial Reconstitution  
  89  6:04  Drone x3  
  87  6:08  Overseer  
  87  6:09  Drone  
  87  6:10  Drone x2  
  92  6:15  Drone x2  
  92  6:18  Spore Crawler  
  93  6:23  Drone x2  
  95  6:31  Overlord, Hatchery, Drone x3  
  97  6:37  Overlord x2  
  97  6:38  Overlord  
  97  6:39  Spore Crawler  
  96  6:49  Infestor x2  
  96  6:52  Overlord  
  96  6:53  Queen x2  
  103  6:59  Infestor x2  
  107  7:02  Spore Crawler  
  106  7:08  Baneling Nest  
  106  7:09  Evolution Chamber, Drone x4  
  106  7:14  Zergling x2  
  106  7:15  Zergling x8  
  112  7:22  Spore Crawler  
  109  7:25  Drone x6  
  109  7:26  Drone  
  109  7:27  Drone  
  117  7:33  Overlord  
  117  7:35  Zerg Missile Weapons Level 1  
  117  7:37  Zerg Ground Armor Level 1  
  117  7:38  Evolution Chamber  
  117  7:39  Ravager x4  
  120  7:45  Roach  
  120  7:46  Roach x3  
  128  7:52  Roach  
  128  7:53  Roach x3  
  128  7:56  Overlord  
  136  7:59  Overlord x2  
  136  8:00  Overlord  
  136  8:02  Drone x2  
  136  8:04  Centrifical Hooks  
  138  8:10  Ravager  
  139  8:17  Roach x8  
  148  8:22  Overlord  
  148  8:26  Roach  
  156  8:27  Roach x4  
  156  8:31  Overseer  
  156  8:39  Drone  
  157  8:41  Hive  
  157  8:43  Hatchery  
  157  8:47  Zergling x18  
  163  8:53  Zergling x10  
  146  8:59  Drone x6  
  146  9:01  Extractor  
  146  9:02  Extractor  
  150  9:15  Zergling x6, Roach x6  
  165  9:17  Overlord  
  165  9:18  Burrow  
  165  9:20  Overlord  
  165  9:34  Overlord  
  165  9:36  Baneling x9  
  165  9:37  Overlord x2, Zerg Ground Armor Level 2  
  165  9:39  Zerg Missile Weapons Level 2, Zerg Melee Weapons Level 1  
  165  9:42  Drone x3  
  168  9:46  Zergling x2  
  168  9:47  Zergling x10  
  168  9:48  Roach  
  176  9:57  Ultralisk Cavern  
  174  10:07  Zergling x14, Roach x2  
  178  10:15  Roach x10  
  192  10:23  Overseer  
  192  10:25  Adrenal Glands  
  192  10:33  Zergling x20  
  192  10:34  Baneling x11  
  196  10:44  Chitinous Plating  
  196  10:48  Overlord, Drone x3  
  199  10:58  Spore Crawler  
  199  11:00  Spine Crawler  
  199  11:03  Spine Crawler  
  196  11:12  Overlord  
  194  11:32  Zergling x40, Queen  
  167  11:41  Zergling x14  
  174  11:49  Zergling x10  
  177  11:58  Ultralisk x3  
  195  12:04  Hatchery  
  191  12:15  Zerg Melee Weapons Level 2, Zerg Ground Armor Level 3  
  191  12:29  Ultralisk  
  197  12:35  Drone  
  197  12:36  Hatchery  
  197  12:46  Ravager  
  197  12:47  Ravager  
  197  12:49  Baneling x17  
  198  12:57  Ultralisk x3  
  198  12:58  Zergling x10  
  199  13:04  Zergling x24, Ultralisk  
  188  13:15  Ultralisk x2  
  182  13:20  Zergling x2  
  182  13:21  Zergling x16  
  179  13:27  Zergling x2  
  179  13:28  Zergling x10  
  179  13:29  Queen  
  179  13:40  Ultralisk  
  179  13:41  Drone x6  
  166  13:44  Roach x2  
  158  13:53  Baneling Nest, Drone x9  
  166  13:59  Infestor x3  
  171  14:05  Zergling x12  
  177  14:12  Ultralisk  
  177  14:13  Queen  
  176  14:21  Zergling x16  
  189  14:38  Ultralisk x3  
  191  14:49  Zergling x12  
  191  14:51  Overlord  
  195  14:59  Zergling x12  
  179  15:00  Zergling x10  
  172  15:08  Baneling x10  
  172  15:11  Ultralisk x2  
  180  15:18  Zergling x14  
  180  15:19  Baneling x11  
  180  15:20  Baneling x2  
  183  15:34  Queen  
  181  15:44  Ultralisk x3  
  191  15:50  Drone x2  
  191  15:51  Drone  
  167  15:58  Zergling x26  
  167  15:59  Ultralisk  
  176  16:06  Infestor x2  
  175  16:12  Zergling x10  
  180  16:20  Baneling x10  
  180  16:21  Infestor  
  182  16:27  Hatchery  
  182  16:29  Extractor x2  
  182  16:32  Anabolic Synthesis  
  166  16:51  Zergling x2  
  166  16:52  Zergling x28  
  166  16:53  Overlord  
Tags
 
Add a new tag
Caveats
  • Supply blocks, unpowered buildings, or Contaminate may cause inaccurate times.
  • Supply counts are checked every 10 seconds.